 Dungeon Crawl Stone Soup version 0.28.0-53-g5a82cb258f (webtiles) character file.

Game seed: 7290264349184709290

47 Moto the Covered (level 3, -3/42 HPs)
             Began as a Minotaur Wanderer on Aug 6, 2022.
             Slain by a worm (6 damage)
             ... on level 4 of the Dungeon.
             The game lasted 00:01:03 (678 turns).

Moto the Covered (Minotaur Wanderer)                 Turns: 678, Time: 00:01:03

Health: -3/42      AC: 21    Str: 19    XL:     3   Next: 48%
Magic:  2/2        EV:  2    Int:  7    God:
Gold:   36         SH:  0    Dex: 10    Spells: 2/2 levels left

rFire   . . .      SeeInvis .   a - +0 short sword
rCold   . . .      Faith    .   (no shield)
rNeg    . . .      Spirit   .   (armour currently unavailable)
rPois   +          Reflect  .   (helmet currently unavailable)
rElec   .          Harm     .   (cloak currently unavailable)
rCorr   .          Rampage  .   (gloves currently unavailable)
Will    .....      NoTele   +   (boots currently unavailable)
Stlth   +.........              (no amulet)
HPRegen 0.14/turn               h - ring of poison resistance
MPRegen 0.08/turn               (no ring)

@: brilliant, tree-form
A: stationary, stasis, torment immunity, boosted hp, (horns 2), (retaliatory
headbutt)
a: no special abilities


You were on level 4 of the Dungeon.
You were a tree.
You visited 1 branch of the dungeon, and saw 3 of its levels.

You collected 36 gold pieces.

Inventory:

Hand Weapons
 a - a +0 short sword (weapon)
Armour
 b - a +0 chain mail (melded)
Jewellery
 h - a ring of poison resistance (left branch)
Scrolls
 c - 2 scrolls of silence
 e - a scroll of brand weapon {unknown}
 f - 2 scrolls of identify {unknown}
 j - a scroll of acquirement {unknown}
 k - a scroll of noise {unknown}
 l - a scroll of fog {unknown}
Potions
 i - a potion of degeneration {unknown}


   Skills:
 + Level 1.3 Fighting
 + Level 1.7 Short Blades
 + Level 1.0 Throwing
 + Level 7.1 Armour
 + Level 1.0 Stealth
 + Level 1.0 Evocations


You had 2 spell levels left.
You didn't know any spells.
Your spell library was empty.

Dungeon Overview and Level Annotations

Branches:
Dungeon (2/15)

Altars:


Innate Abilities, Weirdness & Mutations

You are a tree.
Your roots penetrate the ground, keeping you stationary.
You cannot be teleported.
You are immune to unholy pain and torment.
Your maximum health is greatly increased.
Your equipment is partially melded.
((You have a pair of horns on your head.))
((You reflexively headbutt those who attack you in melee.))


Message History

An iguana comes into view.
Found 6 poisoned darts.
An iguana is nearby!
An iguana is nearby!
A worm comes into view.
The worm moves out of view.
You closely miss the iguana.
The iguana bites you but does no damage.
You hit the iguana but do no damage.
The iguana bites you but does no damage.
You hit the iguana.
The iguana is moderately wounded.
The iguana barely misses you.
You barely miss the iguana.
The iguana is moderately wounded.
The iguana bites you!
You barely miss the iguana.
The iguana is moderately wounded.
The iguana bites you.
You hit the iguana.
The iguana is moderately wounded.
The iguana bites you.
You hit the iguana. You headbutt the iguana. Your punch misses the iguana.
The iguana is severely wounded.
The iguana bites you!
* * * LOW HITPOINT WARNING * * *
You hit the iguana.
You kill the iguana!
Your Armour skill increases to level 7!
You have reached level 3!
Your experience leads to an increase in your attributes!
Increase (S)trength, (I)ntelligence, or (D)exterity?
You feel stronger. x2
It was a potion of lignification.
You turn into a tree.
Your +0 chain mail melds into your body.
Your roots penetrate the ground.
It was a potion of brilliance.
You feel clever all of a sudden. The worm bites you.
You die...

#.....#
#.....#
###.###.###
#.........#
#.#.#####..#
#.#.# # #.#
#.# #♣# #w#
#". ....
.(...
.#...##
.##.## #. .#


You could see a worm.

Vanquished Creatures
  An iguana (D:4)
  2 dart slugs (D:2)
  An endoplasm (D:1)
  A giant cockroach (D:1)
  A hobgoblin (D:2)
  3 jackals (D:1)
  2 kobolds (D:1)
  2 bats
  A rat (D:2)
14 creatures vanquished.

Notes
Turn   | Place    | Note
-------+----------+-------------------------------------------
     0 | D:1      | Moto the Minotaur Wanderer began the quest for the Orb.
     0 | D:1      | Moto set off with the following items: a +0 short sword, a
                  | +0 chain mail, a scroll of silence
     0 | D:1      | Reached XP level 1. HP: 16/16 MP: 0/0
   273 | D:1      | Reached XP level 2. HP: 19/23 MP: 1/1
   660 | D:2      | You fall into a shaft and drop 2 floors!
   675 | D:4      | HP: 1/23 [iguana (9)]
   677 | D:4      | Reached skill level 7 in Armour
   677 | D:4      | Reached XP level 3. HP: 2/28 MP: 2/2
   678 | D:4      | Slain by a worm

Illustrated notes

Levels and vault maps discovered:
D:1:      dpeg_arrival_rooms_b, layout_rooms
D:2:      minmay_diamond_boxcup, layout_rooms, hangedman_decor_diamond_cutter
D:4:      minmay_razor_zed, layout_loops_ring, temple_fountains,
          grunt_ministairs_2, pf_guarded_unrand_woodcutter

Skill      XL: |  1  2 |
---------------+-------+-----
Armour         | 7 |  7.1
Fighting       | |  1.3
Short Blades   | |  1.7
Throwing       | |  1.0
Stealth        | |  1.0
Evocations     | |  1.0

Action                   || total
-------------------------++-------
Melee: Short sword       ||    37
       Headbutt          ||     5
       Punch             ||     1
  Use: Potion            ||     2
Armor: Chain mail        ||    42
Dodge: Dodged            ||    29
